 Dungeon Crawl Stone Soup version 0.28-a0-1234-g826d19b2e0 (webtiles) character file.

Game seed: 6394185862445615357

60 Lekart the Skirmisher (level 3, -3/33 HPs)
             Began as a Draconian Chaos Knight on Dec 24, 2021.
             Was a Plaything of Xom.
             Slain by a goblin (5 damage)
             ... led by Robin
             ... on level 2 of the Dungeon.
             The game lasted 00:01:12 (891 turns).

Lekart the Skirmisher (Draconian Chaos Knight)       Turns: 891, Time: 00:01:13

Health: -3/33      AC:  6    Str: 14    XL:     3   Next: 82%
Magic:  3/3        EV: 12    Int: 12    God:    Xom [..*...]
Gold:   25         SH:  0    Dex: 12    Spells: 2/2 levels left

rFire   . . .      SeeInvis .   a - +0 hand axe (chaos)
rCold   . . .      Faith    .   (no shield)
rNeg    . . .      Spirit   .   (armour unavailable)
rPois   .          Reflect  .   (helmet restricted)
rElec   .          Harm     .   (no cloak)
rCorr   .          Rampage  .   e - +0 pair of gloves
Will    .....                   (no boots)
Stlth   +.........              (no amulet)
HPRegen 0.11/turn               (no ring)
MPRegen 0.08/turn               (no ring)

@: no status effects
A: AC +5, unfitting armour, cold-blooded
a: Renounce Religion


You were on level 2 of the Dungeon.
You worshipped Xom.
You were a toy of Xom.
You visited 1 branch of the dungeon, and saw 2 of its levels.

You collected 25 gold pieces.

Inventory:

Hand Weapons
 a - a +0 hand axe of chaos (weapon)
Armour
 e - a +0 pair of gloves (worn)
Scrolls
 c - a scroll of identify {unknown}
 d - a scroll of fear {unknown}
Potions
 b - a potion of brilliance {unknown}


   Skills:
 + Level 4.0 Fighting
 + Level 3.9 Axes
 + Level 2.6 Dodging


You had 2 spell levels left.
You didn't know any spells.
Your spell library was empty.

Dungeon Overview and Level Annotations

Branches:
Dungeon (2/15)

Altars:

Annotations:
D:2 Robin


Innate Abilities, Weirdness & Mutations

Your plain brown scales are hard. (AC +5)
You cannot fit into any form of body armour.
You are cold-blooded and may be slowed by cold attacks.


Message History

Robin misses you. The hobgoblin closely misses you.
Unknown command.
You closely miss Robin.
Your tail-slap misses Robin.
Robin is almost dead.
You hit the goblin.
The goblin goes berserk!
You hit the hobgoblin but do no damage. The goblin hits you but does no damage.
The goblin hits you with a +0 club.
Your hobgoblin zombie closely misses the hobgoblin.
Robin hits you with a +4 whip.
* * * LOW HITPOINT WARNING * * *
The hobgoblin closely misses you.
You miss Robin.
Robin is almost dead.
You hit the hobgoblin. You burn the hobgoblin.
You kill the hobgoblin!
You completely miss the goblin. The goblin barely misses you.
Robin barely misses you. The goblin misses you.
The goblin rages.
Your hobgoblin zombie hits Robin.
You closely miss the goblin.
Your tail-slap misses the goblin.
You hit Robin but do no damage.
Nothing appears to happen.
The goblin hits you but does no damage. The goblin closely misses you.
Robin throws the goblin at you!
Your hobgoblin zombie closely misses Robin.
You closely miss the goblin. You tail-slap the goblin.
The goblin is severely wounded.
You hit Robin but do no damage. The goblin closely misses you.
Robin hits you but does no damage. The goblin barely misses you.
Your hobgoblin zombie barely misses Robin.
Robin throws the goblin at you!
* * * LOW HITPOINT WARNING * * *
Robin throws the goblin at you!
Your hobgoblin zombie completely misses Robin.
The goblin barely misses you.
You barely miss the goblin.
The goblin is severely wounded.
The goblin hits you with a +0 club.
* * * LOW HITPOINT WARNING * * *
Robin throws the goblin at you! The goblin hits you with a +0 club.
You die...

#....#........# .
#....#........# ## .
#....#........# ..
..####...§#........#
.#
##.................#
.
..###.............#
#. #.#
#§[....######## ..
#.##.###......#
....#.)...@g......#
#.....)Zg###......#
#.....))..####'####
......#(..# #.#
...#......# .#
........... .#
.#........##
####.##..# #. #...


You could see Robin (agile, ally target), a goblin (berserk, strong) and a
friendly hobgoblin zombie.

Vanquished Creatures
  An adder (D:2)
  A gnoll (D:1)
  2 dart slugs (D:1)
  8 goblins
  9 hobgoblins
  5 kobolds (D:1)
  A quokka (D:1)
  3 ball pythons
  A bat (D:1)
  A frilled lizard (D:1)
  A rat (D:1)
33 creatures vanquished.

Notes
Turn   | Place    | Note
-------+----------+-------------------------------------------
     0 | D:1      | Lekart the Draconian Chaos Knight began the quest for the
                  | Orb.
     0 | D:1      | Reached XP level 1. HP: 19/19 MP: 1/1
   129 | D:1      | Reached XP level 2. HP: 24/26 MP: 2/2
   390 | D:1      | XOM: silly message
   427 | D:1      | XOM: cast spell 'Olgreb's Toxic Radiance'
   487 | D:1      | Reached XP level 3. HP: 31/33 MP: 3/3
   625 | D:1      | Found a faded altar of an unknown god.
   784 | D:2      | XOM: cloud trail
   792 | D:2      | XOM: scenery: 2 doors open
   808 | D:2      | XOM: god gift: leather armour {god gift}
   867 | D:2      | Noticed Robin
   876 | D:2      | Reached skill level 4 in Fighting
   891 | D:2      | Slain by a goblin

Illustrated notes

Levels and vault maps discovered:
D:1:      dpeg_arrival_orchard, layout_basic,
          shapermc_ecumenical_altar_flowoftime
D:2:      layout_basic, uniq_robin

Skill      XL: |  1  2  3 |
---------------+----------+-----
Fighting       | 4 |  4.0
Axes           | |  3.9
Dodging        | |  2.6

Action                   || total
-------------------------++-------
Melee: Hand axe          ||    76
       Tailslap          ||     7
 Stab: Sleeping          ||     1
Armor: Skin              ||    25
Dodge: Dodged            ||    57

Table legend: (Time is in decaauts)
 A = Elapsed time spent in this place.
 B = Non-inter-level travel time spent in this place.
 C = Inter-level travel time spent in this place.
 D = Time resting spent in this place.
 E = Time spent auto-exploring this place.
 F = Levels seen in this place.
 G = Mean time per level.
                   A        B        C        D        E       F      G
               +--------+--------+--------+--------+--------+-----+--------+
         Total |    899 |    861 |     38 |      0 |    693 |   2 |  449.5 |
       Dungeon |    899 |    861 |     38 |      0 |    693 |   2 |  449.5 |
               +--------+--------+--------+--------+--------+-----+--------+

Top non-repeatable levels by time:
     D:1: 782 daAuts
     D:2: 117 daAuts
